 Dungeon Crawl Stone Soup version 0.31-a0-237-g2d982f9f85 (webtiles) character file.

Game seed: 2847918575184881905

93 qw the Shooter (level 4, -3/26 HPs)
             Began as a Gargoyle Hexslinger on July 11, 2023.
             Slain by an orc
             ... wielding a +0 whip
              (5 damage)
             ... on level 3 of the Dungeon.
             The game lasted 00:00:44 (1605 turns).

qw the Shooter (Gargoyle Hexslinger)                Turns: 1605, Time: 00:00:45

Health: -3/26      AC:  6    Str: 11    XL:     4   Next: 62%
Magic:  5/5        EV: 17    Int: 14    God:
Gold:   84         SH:  0    Dex: 14    Spells: 4/5 levels left

rFire   . . .        Y - +1 sling
rCold   . . .        (no shield)
rNeg    + . .        c - +0 robe
rPois   inf          (no helmet)
rElec   +            (no cloak)
rCorr   .            (no gloves)
SInv    .            h - +0 pair of boots
Will    .....        (no amulet)
Stlth   +            i - +5 ring of evasion
HPRegen 0.24/turn    (no ring)
MPRegen 0.09/turn

%: no passive effects
@: no status effects
A: sickness immunity, AC +3, negative energy resistance 1, electricity
resistance, torment resistance 1, petrification resistance
a: no special abilities


You were on level 3 of the Dungeon.
You visited 1 branch of the dungeon, and saw 3 of its levels.

You collected 84 gold pieces.


Innate Abilities, Weirdness & Mutations

You are immune to sickness and miasma.
Your stone body is resilient. (AC +3)
You are immune to poison.
You resist negative energy. (rN+)
You are resistant to electric shocks. (rElec)
You are resistant to unholy torment.
You are immune to petrification.


   Skills:
 - Level 2.0 Fighting
 + Level 4.4 Ranged Weapons
 - Level 1.5 Dodging
 - Level 1.0 Spellcasting
 - Level 2.6 Hexes


You had 4 spell levels left.
You knew the following spells:

 Your Spells              Type           Power      Damage    Failure   Level
a - Slow                  Hex            32%        N/A       9%          1

Your spell library contained the following spells:

 Spells                   Type           Power      Damage    Failure   Level
 Inner Flame              Hex/Fire       4%         N/A       41%         3
 Portal Projectile        Hex/Tloc       8%         N/A       41%         3
 Cause Fear               Hex            4%         N/A       65%         4

Inventory:

Hand Weapons
 Y - a +1 sling (weapon)
Armour
 b - the +3 leather armour "Nisautown" {+Inv rPois Str-3}
   (You found it on level 3 of the Dungeon)

   Str:       It affects your strength (-3).
   rPois:     It protects you from poison.
   +Inv:      It lets you turn invisible.
 c - a +0 robe (worn)
 h - a +0 pair of boots (worn)
Jewellery
 i - a +5 ring of evasion (left hand)
Scrolls
 a - a scroll of identify
 f - a scroll of acquirement {unknown}
Potions
 d - a potion of enlightenment {unknown}
 e - a potion of haste

Dungeon Overview and Level Annotations

Branches:
Dungeon (3/15)

Altars:


Message History

The orc barely misses you. The adder barely misses you.
You shoot a sling bullet. The sling bullet misses the adder.
The orc priest hits you but does no damage.
The orc closely misses you. The adder misses you.
You shoot a sling bullet.
The sling bullet barely misses the adder.
The orc priest completely misses you. The orc completely misses you.
The adder barely misses you. The orc priest barely misses you.
The orc closely misses you.
You shoot a sling bullet. The sling bullet hits the adder.
You kill the adder!
The orc priest hits you but does no damage.
The orc hits you with a +0 whip.
You shoot a sling bullet. The sling bullet hits the orc priest.
The orc priest is lightly wounded.
The orc priest closely misses you. The orc hits you but does no damage.
You shoot a sling bullet.
The sling bullet barely misses the orc priest.
The orc priest misses you. The orc barely misses you.
You shoot a sling bullet.
The sling bullet barely misses the orc priest.
The orc priest hits you with a +0 short sword.
The orc misses you.
You shoot a sling bullet. The sling bullet hits the orc priest!
The orc priest is severely wounded.
The orc priest hits you but does no damage.
The orc hits you but does no damage.
The orc priest invokes the aid of Beogh against you.
Pain shoots through your body! The orc hits you with a +0 whip.
You shoot a sling bullet.
The sling bullet barely misses the orc priest.
The orc priest misses you. The orc barely misses you.
You shoot a sling bullet.
The sling bullet completely misses the orc priest.
The orc priest calls down the wrath of Beogh upon you.
You barely resist. The orc hits you with a +0 whip.
You shoot a sling bullet. The sling bullet hits the orc priest.
You kill the orc priest!
The orc hits you with a +0 whip.
You die...

...[.....#
#.........#
#.%.......#
.........#
......)..#
#..)...# ###
#....o)# ....
+....@.#
.....#......#
.....<......#
#####......#
#........#
##.###+#.##
.......#%#######
## #............
+............


You could see an orc.

Vanquished Creatures
  An orc priest (D:3)
  Jessica (D:2)
  An adder (D:3)
  A dart slug (D:2)
  2 orcs (D:3)
  13 ball pythons
  4 endoplasms (D:1)
  8 goblins
  5 hobgoblins
  6 kobolds
  3 bats (D:1)
  3 frilled lizards (D:1)
  5 rats
53 creatures vanquished.

Notes
Turn   | Place    | Note
-------+----------+-------------------------------------------
     0 | D:1      | qw the Gargoyle Hexslinger began the quest for the Orb.
     0 | D:1      | Reached XP level 1. HP: 12/12 MP: 2/2
     0 | D:1      | 0 ||| qw: Version: 0.3-a-52-g30416fa
     0 | D:1      | 0 ||| qw: Game counter: 5862
     0 | D:1      | 0 ||| qw: Melee chars always use a shield: true
     0 | D:1      | 0 ||| qw: God list: Okawaru
     0 | D:1      | 0 ||| qw: Allow faded altars: false
     0 | D:1      | 0 ||| qw: Do Orc after clearing Dungeon:15 true
     0 | D:1      | 0 ||| qw: Do second Lair branch before Depths: true
     0 | D:1      | 0 ||| qw: Lair rune preference: random
     0 | D:1      | 0 ||| qw: Goals: Normal
     0 | D:1      | 0 ||| PLANNING D:1-11
    80 | D:1      | Reached XP level 2. HP: 16/16 MP: 3/3
   112 | D:1      | Reached skill level 3 in Ranged Weapons
   312 | D:1      | Reached XP level 3. HP: 21/21 MP: 4/4
   610 | D:1      | Found a faded altar of an unknown god.
   673 | D:1      | 673 ||| UPGRADING to +5 ring of evasion.
   674 | D:1      | 674 ||| READING 4 scrolls labelled RECU HUTEVAWAI.
   675 | D:1      | 675 ||| READING scroll labelled VETUCR DOWICU.
   676 | D:1      | 676 ||| DRINKING 2 inky potions.
   677 | D:1      | 677 ||| READING 3 scrolls of identify.
   677 | D:1      | 677 ||| IDENTIFYING bubbling dark potion
   678 | D:1      | 678 ||| READING 2 scrolls of identify.
   678 | D:1      | 678 ||| IDENTIFYING white potion
   679 | D:1      | 679 ||| DROPPING scroll of poison.
   680 | D:1      | 680 ||| DROPPING potion of brilliance.
   681 | D:1      | 681 ||| DROPPING potion of invisibility.
  1126 | D:2      | Noticed Jessica
  1133 | D:2      | Killed Jessica
  1134 | D:2      | Reached skill level 4 in Ranged Weapons
  1134 | D:2      | Reached XP level 4. HP: 26/26 MP: 5/5
  1458 | D:2      | 1458 ||| UPGRADING to +0 pair of boots.
  1463 | D:2      | 1463 ||| READING scroll labelled PEOTAOC ZEFRIU.
  1464 | D:2      | 1464 ||| READING scroll labelled APPEKKEDOI.
  1465 | D:2      | 1465 ||| READING scroll labelled XATTUVA UPLOIZ.
  1466 | D:2      | 1466 ||| READING scroll labelled QOTUKO ALURUIR.
  1467 | D:2      | 1467 ||| READING scroll labelled NYTIXI ASAOWER.
  1488 | D:2      | 1488 ||| DRINKING 2 blue potions.
  1489 | D:2      | 1489 ||| DROPPING potion of attraction.
  1531 | D:3      | Identified the +3 leather armour "Nisautown" {+Inv rPois
                  | Str-3}
  1593 | D:3      | HP: 6/26 [orc priest/+0 short sword (5)]
  1598 | D:3      | HP: 5/26 [orc/+0 whip (3)]
  1602 | D:3      | HP: 2/26 [orc/+0 whip (1)]
  1605 | D:3      | Slain by an orc

Levels and vault maps discovered:
D:1:      ebering_trefoil_3fold, layout_loops_ring,
          hellmonk_ecumenical_altar_heavens_door
D:2:      layout_basic, minmay_stone_trees_large, corexii_hall_statues_l,
          kennysheep_nub, uniq_jessica
D:3:      layout_basic, hellmonk_guarded_unrand_hermit

Skill      XL: |  1  2  3 |
---------------+----------+-----
Ranged Weapons | 3 4 |  4.4
Fighting       | 2 |  2.0
Dodging        | |  1.5
Spellcasting   | |  1.0
Hexes          | |  2.6

Action                     |  1- 3 |  4- 6 || total
---------------------------+-------+-------++-------
   Fire: Sling             |   125 |    52 ||   177
    Use: Scroll            |     4 |     5 ||     9
         Potion            |     1 |     1 ||     2
 Armour: Robe              |    14 |    16 ||    30
  Dodge: Dodged            |    34 |    77 ||   111

Table legend:
 A = Non-vault XP
 B = Vault XP
 C = Vault XP percentage of total XP
 D = Non-vault monster count
 E = Vault monster count
 F = Vault count percentage of total count
                 A         B        C        D         E       F
            +---------+---------+-------+---------+---------+-------
      Total |     138 |      37 |  21.1 |      52 |       1 |   1.9
            +---------+---------+-------+---------+---------+-------
        D:1 |      54 |       0 |   0.0 |      33 |       0 |   0.0
        D:2 |      20 |      37 |  64.9 |      12 |       1 |   7.7
        D:3 |      64 |       0 |   0.0 |       7 |       0 |   0.0
            +---------+---------+-------+---------+---------+-------
